Map: Para Site LE

Players

Lambo - Winner!

  • Race: Zerg Zerg
  • League: Master
  • Spawn Location: 11:00

Reynor

  • Race: Zerg Zerg
  • League: Grandmaster
  • Spawn Location: 5:00

VOD

Have the link to the VOD?

Description

Time

  • Played on: Jan. 11, 2019, 8:51 a.m.
  • Length: 9:57
Show
View Real Time Build Order
Export as new Build Order

Lambo Zerg - Winner!

Build Orders: Hatch First 

Get SALT Encoding   

  12  0:00  Drone  
  13  0:12  Overlord  
  13  0:17  Drone  
  14  0:30  Drone x2  
  16  0:47  Hatchery  
  15  0:51  Drone  
  15  0:54  Drone  
  17  0:57  Drone  
  18  1:08  Extractor  
  17  1:12  Spawning Pool  
  17  1:15  Drone  
  17  1:19  Drone  
  18  1:27  Drone  
  19  1:39  Drone  
  20  1:50  Drone  
  21  1:58  Queen, Drone  
  21  1:59  Queen  
  21  2:00  Overlord  
  26  2:09  Drone, Metabolic Boost  
  26  2:10  Drone  
  28  2:22  Zergling x4  
  30  2:31  Hatchery  
  30  2:33  Drone  
  30  2:36  Drone  
  31  2:47  Drone  
  32  2:52  Baneling Nest  
  32  2:57  Overlord, Drone  
  32  3:04  Drone  
  32  3:05  Drone x2  
  35  3:10  Drone  
  36  3:16  Zergling x10  
  41  3:21  Overlord, Evolution Chamber  
  41  3:23  Drone  
  41  3:32  Queen, Drone  
  44  3:36  Baneling x2  
  44  3:41  Drone x2  
  46  3:42  Drone x2  
  46  3:44  Overlord  
  48  3:54  Drone x2  
  50  3:58  Extractor  
  50  3:59  Extractor, Drone x3, Zerg Melee Weapons Level 1  
  51  4:04  Drone x3  
  51  4:07  Drone  
  55  4:11  Drone x2  
  55  4:15  Drone x2  
  55  4:16  Drone  
  60  4:18  Overlord  
  60  4:20  Drone  
  61  4:30  Lair  
  61  4:31  Roach Warren  
  61  4:33  Drone x2  
  61  4:36  Drone x3  
  65  4:42  Drone x2  
  65  4:43  Extractor  
  66  4:48  Drone x6  
  66  4:49  Drone  
  73  4:56  Overlord  
  73  4:58  Drone  
  74  5:04  Extractor  
  74  5:06  Extractor  
  72  5:09  Overlord  
  71  5:16  Drone x4  
  71  5:21  Baneling x2  
  75  5:25  Drone x3  
  78  5:31  Zergling x12  
  78  5:32  Spire  
  83  5:36  Hatchery  
  81  5:43  Zergling x10  
  85  5:51  Zergling x4  
  87  5:57  Zergling x6  
  90  6:05  Overlord  
  90  6:09  Overlord  
  90  6:14  Extractor  
  90  6:16  Overlord  
  90  6:17  Overlord, Extractor  
  88  6:21  Overlord  
  88  6:23  Overlord  
  88  6:25  Zergling x10  
  92  6:30  Zergling x14  
  94  6:42  Overlord  
  94  6:44  Zerg Flyer Armor Level 1  
  89  6:48  Mutalisk x7  
  89  6:51  Mutalisk  
  104  6:57  Queen  
  104  6:58  Mutalisk x4  
  114  7:02  Mutalisk  
  114  7:03  Mutalisk x2  
  120  7:09  Mutalisk x2  
  120  7:13  Overlord  
  120  7:14  Mutalisk  
  125  7:16  Overlord  
  117  7:23  Mutalisk  
  117  7:24  Mutalisk  
  117  7:28  Drone x6  
  126  7:30  Mutalisk x2  
  126  7:33  Zergling x6  
  133  7:39  Zergling x10  
  136  7:44  Mutalisk x2  
  136  7:50  Mutalisk x2  
  138  7:55  Mutalisk  
  138  7:58  Spine Crawler, Zergling x4  
  142  8:01  Mutalisk  
  142  8:04  Zergling x2  
  144  8:06  Overlord  
  144  8:08  Mutalisk  
  146  8:14  Mutalisk x2  
  146  8:16  Overlord x2  
  146  8:17  Overlord  
  150  8:20  Overlord  
  150  8:21  Overlord  
  150  8:23  Overlord  
  150  8:25  Overlord  
  150  8:28  Mutalisk  
  152  8:37  Baneling  
  152  8:40  Baneling  
  152  8:41  Mutalisk x4  
  152  8:46  Mutalisk  
  162  8:49  Zergling x8  
  162  8:50  Mutalisk  
  162  8:51  Mutalisk  
  162  8:54  Zergling x4  
  172  8:58  Mutalisk  
  172  9:01  Mutalisk  
  176  9:03  Zergling x6  
  176  9:06  Zergling x4  
  177  9:10  Mutalisk  
  177  9:13  Zergling x2  
  177  9:16  Mutalisk  
  182  9:20  Mutalisk  
  182  9:21  Zergling x6  
  185  9:32  Mutalisk x3  
  185  9:35  Zergling x10  
Show
View Real Time Build Order
Export as new Build Order

Reynor Zerg 

Build Orders: Hatch First 

Get SALT Encoding   

  12  0:00  Drone  
  13  0:13  Overlord  
  13  0:16  Drone  
  14  0:32  Drone x2  
  16  0:48  Hatchery  
  15  0:51  Drone  
  16  0:59  Drone x2  
  18  1:13  Extractor  
  18  1:14  Spawning Pool  
  18  1:16  Drone  
  17  1:20  Drone  
  18  1:29  Drone  
  19  1:39  Drone  
  20  1:51  Drone  
  21  2:01  Queen x2  
  21  2:02  Zergling x4  
  27  2:11  Overlord  
  27  2:13  Drone  
  27  2:15  Metabolic Boost  
  28  2:32  Drone  
  28  2:34  Drone  
  30  2:37  Drone  
  30  2:39  Hatchery  
  30  2:46  Drone  
  30  2:47  Baneling Nest  
  30  2:49  Drone  
  30  2:50  Drone  
  32  2:59  Overlord  
  31  3:15  Overlord  
  31  3:18  Drone  
  31  3:19  Zergling x6  
  35  3:22  Overlord  
  35  3:23  Drone  
  36  3:33  Queen  
  36  3:34  Overlord  
  38  3:35  Drone  
  38  3:37  Drone  
  38  3:38  Baneling x2  
  38  3:39  Drone  
  41  3:43  Drone  
  41  3:44  Drone x2  
  41  3:46  Drone  
  41  3:47  Drone  
  46  3:49  Zergling x2  
  46  3:55  Zergling x4  
  49  3:57  Overlord  
  49  4:03  Evolution Chamber, Drone x2  
  49  4:07  Drone  
  51  4:13  Lair, Drone x2  
  51  4:16  Drone  
  54  4:18  Overlord  
  54  4:20  Drone  
  54  4:23  Extractor, Drone  
  55  4:24  Extractor  
  55  4:25  Drone  
  55  4:26  Drone  
  55  4:29  Drone  
  57  4:35  Drone  
  57  4:37  Drone x2  
  59  4:41  Zerg Melee Weapons Level 1  
  59  4:43  Drone  
  59  4:44  Extractor, Drone  
  60  4:45  Roach Warren, Drone  
  60  4:47  Drone  
  60  4:49  Drone  
  62  4:55  Overlord  
  62  4:59  Drone x4  
  65  5:00  Zergling x2  
  65  5:01  Zergling x2  
  67  5:08  Drone x2  
  67  5:13  Zergling x4  
  71  5:14  Overlord  
  71  5:17  Drone x2  
  71  5:21  Drone  
  74  5:22  Spire, Drone x3  
  74  5:25  Drone x2  
  77  5:28  Extractor  
  77  5:30  Extractor  
  77  5:31  Overlord  
  77  5:32  Drone x2  
  77  5:41  Overlord  
  77  5:47  Drone x3  
  79  5:50  Overlord  
  80  5:57  Drone  
  80  5:58  Zergling x2  
  80  5:59  Zergling x8  
  80  6:04  Zergling x8  
  87  6:11  Overlord, Hatchery  
  89  6:12  Baneling x2  
  89  6:15  Zergling x4  
  87  6:27  Zergling x10  
  87  6:28  Zergling x12  
  89  6:39  Zergling x6  
  84  6:43  Drone  
  84  6:44  Queen, Drone  
  81  6:51  Drone x4  
  81  6:54  Zerg Flyer Armor Level 1  
  85  7:00  Baneling x2  
  85  7:01  Baneling  
  85  7:02  Mutalisk x5  
  85  7:06  Roach, Mutalisk  
  99  7:09  Mutalisk  
  99  7:15  Mutalisk x2, Baneling  
  100  7:17  Queen  
  100  7:19  Mutalisk  
  101  7:25  Mutalisk x3, Zergling x6  
  101  7:27  Mutalisk x2  
  101  7:28  Drone  
  112  7:31  Drone  
  112  7:35  Mutalisk  
  115  7:38  Zergling x2  
  115  7:41  Drone x2  
  116  7:45  Mutalisk  
  116  7:48  Mutalisk  
  119  7:51  Drone  
  119  7:52  Drone  
  119  7:55  Mutalisk x2  
  126  8:01  Baneling x2  
  126  8:02  Zergling x2  
  126  8:03  Zergling x4  
  126  8:04  Overlord, Drone  
  126  8:05  Overlord x2  
  128  8:08  Overlord  
  128  8:21  Overlord, Extractor  
  128  8:23  Extractor  
  128  8:25  Mutalisk x3  
  132  8:30  Drone x6  
  132  8:32  Drone  
  132  8:33  Drone x2  
  132  8:34  Drone x2  
  142  8:35  Drone  
  142  8:36  Queen  
  146  8:41  Mutalisk  
  146  8:43  Mutalisk  
  146  8:46  Mutalisk  
  152  8:49  Mutalisk  
  152  8:51  Zergling x2  
  152  8:52  Spore Crawler  
  156  8:55  Zergling x4  
  156  9:01  Zergling x4  
  158  9:06  Zergling x8  
  158  9:07  Zergling x4  
  158  9:09  Overlord  
  162  9:10  Mutalisk x3  
  162  9:12  Overlord  
  166  9:19  Mutalisk  
  166  9:22  Overlord  
  168  9:31  Mutalisk x2  
  160  9:32  Zergling x8  
  160  9:36  Zergling x6  
Tags
 
Add a new tag
Caveats
  • Supply blocks, unpowered buildings, or Contaminate may cause inaccurate times.
  • Supply counts are checked every 10 seconds.